 Dungeon Crawl Stone Soup version 0.23-a0-391-g8c51ad5 (webtiles) character file.

30 nikopol the Firebug (level 3, 0/19 HPs)
             Began as a Deep Elf Fire Elementalist on Oct 30, 2018.
             Slain by a gnoll (8 damage)
             ... on level 1 of the Dungeon.
             The game lasted 00:01:54 (882 turns).

nikopol the Firebug (Deep Elf Fire Elementalist)     Turns: 882, Time: 00:01:55

Health: 0/19       AC:  2    Str:  5    XL:     3   Next: 3%
Magic:  4/9        EV: 13    Int: 20    God:
Gold:   65         SH:  0    Dex: 15    Spells: 7/8 levels left

rFire    + . .     SeeInvis .   (no weapon)
rCold    + . .     Gourm    .   (no shield)
rNeg     . . .     Faith    .   a - +0 robe
rPois    .         Spirit   .   (no helmet)
rElec    .         Reflect  .   g - scarf {rC+ rF+}
rCorr    .         Harm     .   (no gloves)
MR       .....                  (no boots)
Stlth    ++........             (no amulet)
HPRegen  0.06/turn              (no ring)
MPRegen  0.11/turn              (no ring)

@: no status effects
A: no striking features
a: no special abilities


You were on level 1 of the Dungeon.
You were not hungry.

You visited 1 branch of the dungeon, and saw 2 of its levels.

You collected 65 gold pieces.

Inventory:

Armour
 a - a +0 robe (worn)
 g - a scarf of resistance (worn)
Scrolls
 b - a scroll of magic mapping {unknown}
 d - a scroll of identify {unknown}
 f - a scroll of immolation {unknown}
Potions
 e - a potion of lignification {unknown}
Comestibles
 c - a ration


   Skills:
 + Level 2.7 Dodging
 + Level 2.6 Stealth
 + Level 3.4 Spellcasting
 + Level 1.1 Conjurations
 + Level 4.1 Fire Magic


You had 7 spell levels left.
You knew the following spells:

 Your Spells              Type           Power        Failure   Level  Hunger
a - Flame Tongue          Conj/Fire      ##...        4%          1    None

Your spell library contained the following spells:

 Spells                   Type           Power        Failure   Level  Hunger
 Throw Flame              Conj/Fire      ##....       7%          2    ##.....
 Conjure Flame            Conj/Fire      ##......     14%         3    ###....
 Inner Flame              Hex/Fire       ##......     17%         3    ###....
 Sticky Flame             Conj/Fire      ##......     41%         4    ####...
 Fireball                 Conj/Fire      ##........   77%         5    ######.


Dungeon Overview and Level Annotations

Branches:
Dungeon (2/15)

Altars:


Message History

The gnoll hits you from afar with a +0 halberd!
Ouch! That really hurt!
The gnoll barely misses you.
You climb upwards.
There is a stone staircase leading down here.
Casting: Flame Tongue (safe; 4% risk of failure)
Confirm with . or Enter, or press ? or * to list all spells.
Aiming: Flame Tongue (safe; 4% risk of failure)
Press: ? - help, Shift-Dir - straight line, f - gnoll
Aim: a gnoll The flame tongue misses the gnoll.
The gnoll barely misses you.
Casting: Flame Tongue (safe; 4% risk of failure)
Confirm with . or Enter, or press ? or * to list all spells.
Aiming: Flame Tongue (safe; 4% risk of failure)
Press: ? - help, Shift-Dir - straight line, f/p - gnoll
Aim: a gnoll The flame tongue hits the gnoll.
The gnoll is moderately wounded.
The gnoll hits you!
You die...

......##..#....#..#.#.#.(#...#
......8#.....................#
.......#.......#..#..........##
......8#......................###
......##..#.....................#
..........#...................###
....).....#....#..............###
...............#.#..###.........#
.#..............@g)......#.#)..##
...............#.#..####.###...#
...###.#..#.........# #.# #...##
.#.# #.#..#....#.##)# #.# #....#
.#.###.#..#....#.##.# #.# #..###
...##...............# #.# #..#
..........###..#.#### ### #..#
...............#.###########..#
..............................#


You could see a gnoll.

Vanquished Creatures
  An ooze (D:1)
  3 dart slugs (D:1)
  A giant cockroach (D:1)
  4 goblins (D:1)
  2 hobgoblins (D:1)
  A ball python (D:1)
  A bat (D:1)
  5 kobolds (D:1)
  3 rats
21 creatures vanquished.

Notes
Turn   | Place    | Note
-------+----------+-------------------------------------------
     0 | D:1      | nikopol the Deep Elf Fire Elementalist began the quest for
                  | the Orb.
     0 | D:1      | Reached XP level 1. HP: 10/10 MP: 6/6
    46 | D:1      | Reached XP level 2. HP: 15/15 MP: 2/8
   406 | D:1      | Reached skill level 4 in Fire Magic
   499 | D:1      | Reached XP level 3. HP: 19/19 MP: 7/9
   882 | D:1      | Slain by a gnoll

Vault maps used:
D:1:      mrwooster_arrival_statue_2
D:2:      first_ration

Skill      XL: |  1  2 |
---------------+-------+-----
Fire Magic     | 4 |  4.1
Dodging        | |  2.7
Stealth        | |  2.6
Spellcasting   | |  3.4
Conjurations   | |  1.1

Action                   || total
-------------------------++-------
 Cast: Flame Tongue      ||    41
Dodge: Dodged            ||     9

Table legend:
 A = Non-vault XP
 B = Vault XP
 C = Vault XP percentage of total XP
 D = Non-vault monster count
 E = Vault monster count
 F = Vault count percentage of total count
                 A         B        C        D         E       F
            +---------+---------+-------+---------+---------+-------
      Total |      43 |       0 |   0.0 |      21 |       0 |   0.0
            +---------+---------+-------+---------+---------+-------
        D:1 |      42 |       0 |   0.0 |      20 |       0 |   0.0
        D:2 |       1 |       0 |   0.0 |       1 |       0 |   0.0
            +---------+---------+-------+---------+---------+-------
